 Dungeon Crawl Stone Soup version 0.23.1 (webtiles) character file.

Game seed: 8380201717689472654

288241 Kisielow the Shatterer (level 20, -8/93 HPs)
             Began as a Gargoyle Fighter on Mar 5, 2019.
             Was the Champion of Okawaru.
             Killed from afar by a starcursed mass (17 damage)
             ... with an accursed screaming
             ... on level 2 of the Abyss.
             The game lasted 02:24:37 (41148 turns).

Kisielow the Shatterer (Gargoyle Fighter)          Turns: 41148, Time: 02:24:37

Health: -8/93      AC: 72    Str: 24      XL:     20   Next: 69%
Magic:  20/20      EV:  4    Int:  4 (6)  God:    Okawaru [******]
Gold:   3222       SH: 22    Dex: 13 (14) Spells: 14/19 levels left

rFire    . . .     SeeInvis +   A - +5 eveningstar (protect)
rCold    + + +     Gourm    .   K - +1 large shield {AC+3}
rNeg     + . .     Faith    .   B - +21 crystal plate armour of the Good {rElec rF- Dex+5}
rPois    ∞         Spirit   .   e - +3 helmet of Kisielow's Gallantry {rElec Regen+ Dex+4}
rElec    +         Reflect  .   L - scarf {rC+ rF+}
rCorr    .         Harm     .   (no gloves)
MR       ++...     Rnd*Rage +   k - +2 pair of boots Stlth ..........Rnd*Tele +
                                R - amulet of regeneration
HPRegen  0.00/turn              s - ring of protection from magic
MPRegen  0.17/turn              Q - ring of Equdek {rPois rC++ SInv}

@: about to teleport, protection aura, flying, very slightly contaminated
A: big wings, see invisible, [berserk 3], [blurry vision 1], [clumsy 2],
[deformed body], [deterioration 2], [dopey 2], [frail 3], [low mp 2], negative
energy resistance 1, [screaming 2], electricity resistance, [inhibited
regeneration], [teleportitis 3], [weak 2], unbreathing, petrification
resistance, [no potion heal 2], rot immunity, [subdued magic 3], AC +15
}: 2/15 runes: barnacled, gossamer
a: Stop Flying, Heroism, Finesse, Renounce Religion


You were on level 2 of the Abyss.
You worshipped Okawaru.
Okawaru was exalted by your worship.
You were not hungry.

You visited 7 branches of the dungeon, and saw 35 of its levels.
You visited the Abyss 1 time.
You also visited: Ice Cave.

You collected 3222 gold pieces.

Inventory:

Hand Weapons
 A - a +5 eveningstar of protection (weapon)
Armour
 e - the +3 helmet of Kisielow's Gallantry (worn) {rElec Regen+ Dex+4}
   (Okawaru gifted it to you on level 6 of the Lair of Beasts)

   It affects your dexterity (+4).
   It insulates you from electricity.
   It increases your rate of regeneration.
 k - a +2 pair of boots (worn)
 B - the +21 crystal plate armour of the Good (worn) {rElec rF- Dex+5}
   (You found it on level 11 of the Dungeon)

   It affects your dexterity (+5).
   It makes you vulnerable to fire.
   It insulates you from electricity.
 K - a +1 large shield of protection (worn)
 L - a scarf of resistance (worn)
 M - a scarf of repulsion
Jewellery
 b - an uncursed ring of positive energy
 n - an uncursed ring of resist corrosion
 s - a ring of protection from magic (left hand)
 Q - the ring of Equdek (right hand) {rPois rC++ SInv}
   (You found it on level 3 of the Shoals)

   [ring of see invisible]

   It greatly protects you from cold.
   It protects you from poison.
   It lets you see invisible.
 R - an amulet of regeneration (around neck)
 W - a +4 amulet of reflection
Wands
 a - a wand of paralysis (15)
 o - a wand of iceblast (2)
 q - a wand of flame (72)
 r - a wand of polymorph (24)
 u - a wand of clouds (2)
 v - a wand of acid (22)
 x - a wand of random effects (80)
 E - a wand of digging (4)
 P - a wand of scattershot (4)
 S - a wand of enslavement (5)
Scrolls
 d - 16 scrolls of remove curse
 i - 4 scrolls of enchant weapon
 j - 14 scrolls of teleportation
 t - 13 scrolls of identify
 w - 4 scrolls of magic mapping
 y - 3 scrolls of fog
 H - 4 scrolls of fear
 N - a scroll of summoning
 V - a scroll of blinking
Potions
 c - a potion of agility
 g - 2 potions of brilliance
 l - 2 potions of cancellation
 m - 5 potions of ambrosia
 z - 4 potions of mutation
 C - 2 potions of magic
 F - 2 potions of might
 J - 4 potions of haste
Comestibles
 f - 57 rations


   Skills:
 + Level 17.0 Fighting
 * Level 21.1 Maces & Flails
 + Level 17.0 Armour
 + Level 17.0 Shields
 - Level 7.0 Invocations
 - Level 7.0 Evocations


You had 14 spell levels left.
You knew the following spells:

 Your Spells              Type           Power        Failure   Level  Hunger
a - Blink                 Tloc           N/A          100%        2    ###....
b - Apportation           Tloc           #.....       100%        1    ##.....
c - Passwall              Tmut/Erth      #.......     100%        2    ###....

Your spell library contained the following spells:

 Spells                   Type           Power        Failure   Level  Hunger
 Animate Skeleton         Necr           N/A          100%        1    ##.....
 Confusing Touch          Hex            #.....       100%        1    ##.....
 Corona                   Hex            #......      100%        1    ##.....
 Flame Tongue             Conj/Fire      #....        100%        1    ##.....
 Freeze                   Ice            #...         100%        1    ##.....
 Magic Dart               Conj           #...         100%        1    ##.....
 Sandblast                Erth           #.....       100%        1    ##.....
 Shock                    Conj/Air       #...         100%        1    ##.....
 Summon Butterflies       Summ           #.......     100%        1    ##.....
 Summon Small Mammal      Summ           #...         100%        1    ##.....
 Call Imp                 Summ           #.......     100%        2    ###....
 Ensorcelled Hibernation  Hex/Ice        #.....       100%        2    ###....
 Slow                     Hex            #.......     100%        2    ###....
 Sticks to Snakes         Tmut           #.......     100%        2    ###....
 Throw Flame              Conj/Fire      #.....       100%        2    ###....
 Throw Frost              Conj/Ice       #.....       100%        2    ###....
 Call Canine Familiar     Summ           #.......     100%        3    ####...
 Confuse                  Hex            #.......     100%        3    ####...
 Conjure Flame            Conj/Fire      #.......     100%        3    ####...
 Dazzling Spray           Conj/Hex       #.....       100%        3    ####...
 Gell's Gravitas          Tloc           #.........   100%        3    ####...
 Inner Flame              Hex/Fire       #.......     100%        3    ####...
 Mephitic Cloud           Conj/Pois/Air  #.......     100%        3    ####...
 Ozocubu's Armour         Chrm/Ice       #.......     100%        3    ####...
 Portal Projectile        Hex/Tloc       #.....       100%        3    ####...
 Recall                   Summ/Tloc      N/A          100%        3    ####...
 Stone Arrow              Conj/Erth      #.....       100%        3    ####...
 Summon Guardian Golem    Hex/Summ       #.......     100%        3    ####...
 Tukima's Dance           Hex            #.......     100%        3    ####...
 Animate Dead             Necr           N/A          100%        4    #####..
 Cause Fear               Hex            #.........   100%        4    #####..
 Petrify                  Tmut/Erth      #.......     100%        4    #####..
 Sticky Flame             Conj/Fire      #.......     100%        4    #####..
 Summon Ice Beast         Ice/Summ       #.......     100%        4    #####..
 Summon Lightning Spire   Summ/Air       #.......     100%        4    #####..
 Throw Icicle             Conj/Ice       #.......     100%        4    #####..
 Alistair's Intoxication  Tmut/Pois      #.......     100%        5    ######.
 Aura of Abjuration       Summ           #.........   100%        5    ######.
 Borgnjor's Vile Clutch   Necr/Erth      #.........   100%        5    ######.
 Fireball                 Conj/Fire      #.........   100%        5    ######.
 Lee's Rapid Deconstruct  Erth           #.........   100%        5    ######.
 Metabolic Englaciation   Hex/Ice        #.........   100%        5    ######.
 Silence                  Hex/Air        #.........   100%        5    ######.
 Summon Mana Viper        Hex/Summ       #.......     100%        5    ######.
 Yara's Violent Unravell  Hex/Tmut       #.........   100%        5    ######.
 Death Channel            Necr           #.........   100%        6    #######
 Deflect Missiles         Chrm/Air       #.........   100%        6    #######
 Hydra Form               Tmut           #.........   100%        6    #######
 Simulacrum               Ice/Necr       #.........   100%        6    #######
 Spellforged Servitor     Conj/Summ      #.........   100%        7    #######
 Summon Hydra             Summ           #.........   100%        7    #######
 Discord                  Hex            #.........   100%        8    #######


Dungeon Overview and Level Annotations

Branches:
Dungeon (15/15)            Temple (1/1) D:6            Lair (6/6) D:8
 Shoals (4/4) Lair:3       Spider (4/4) Lair:3        Slime (0/5) Lair:5
    Orc (2/2) D:12            Elf (3/3) Orc:2        Vaults (0/5) D:14
 Depths (0/5) D:15

Altars:
Ashenzari
Cheibriados
Dithmenos
Elyvilon
Fedhas
Gozag
Hepliaklqana
Kikubaaqudgha
Makhleb
Nemelex Xobeh
Okawaru
Qazlal
Ru
Sif Muna
Trog
Uskayaw
Vehumet
Wu Jian
Xom
Yredelemnul
Zin
The Shining One
Jiyva

Shops:
Orc:2 %%%?   Elf:2 !


Innate Abilities, Weirdness & Mutations

You are resistant to torment.
Your stone body is resilient. (AC +15)
You are immune to poison.
Your large and strong wings let you fly indefinitely.
You resist negative energy. (rN+)
You are resistant to electric shocks. (rElec)
You can survive without breathing.
You are immune to petrification.
You are immune to rotting.
You have supernaturally acute eyesight. (SInv)
[You have an uncontrollable temper.]
[Scrolls take you a little longer to read.]
[You are very clumsy. (Dex -4)]
[Armour fits poorly on your strangely shaped body.]
[Your body often deteriorates upon taking damage.]
[You are very dopey. (Int -4)]
[You are extremely frail. (-30% HP)]
[Your magical capacity is very low. (-20% MP)]
[You sometimes yell uncontrollably at your foes.]
[You do not regenerate when monsters are visible.]
[You are often teleported next to monsters.]
[You are very weak. (Str -4)]
[Potions are poor at restoring your health.]
[Your spells are much easier to cast, but much less powerful.]


Message History

You sock the green death!
The green death is heavily wounded.
The green death hits you but does no damage.
You block the starcursed mass's attack.
The starcursed mass engulfs you but does no damage.
You impale the green death!!
The green death is severely wounded.
The wretched star pulses with an eldritch light!
Your system partially rejects the healing effects of potions.
Your system mostly rejects the healing effects of potions.
The green death gestures at you.
The blast of poison engulfs you but does no damage.
You resist.
The starcursed mass engulfs you but does no damage.
You completely miss the green death.
The green death is severely wounded.
You flicker back into view.
You block the starcursed mass's attack.
A cacophony of accursed wailing tears at your sanity!
You die... .# ## ...# ..#. ....## #.##.... #.#..#.... ###X#X.....# #4XXXXX.# ## #XXXXXX.## # #XXXwXX.'.

#
#@2XXw*.###'#####
######### X. ...
..w X # #...X. .
# # . .(.# # ..
.... #. .. #X #
......# #... .. #


You could see 17 starcursed masses, a tentacled starspawn, a green death, a
wretched star, 2 large abominations, a hellwing and 2 starspawn tentacles.

Vanquished Creatures
  Saint Roka (Elf:2)
  Arachne (Spider:4)
  Rupert (Lair:4)
  Jorgrun (Elf:2)
  A deep elf blademaster (Elf:2)
  2 deep elf master archers (Elf:3)
  The ghost of P0WERM0DE the Dwarven Aeon, an adept DDFi of Cheibriados (Orc:2)
  Polyphemus (Shoals:4)
  Donald (Shoals:2)
  A storm dragon (D:11)
  Kirke (Lair:4)
  Roxanne (Elf:2)
  Louise (Shoals:4)
  A frost giant (D:11)
  4 deep elf sorcerers
  2 ghost moths (Spider:4)
  An orc warlord (Orc:1)
  3 deep elf elementalists
  7 emperor scorpions
  A stone giant (D:11)
  8 entropy weavers
  2 deep elf demonologists (Elf:3)
  4 deep elf annihilators (Elf:3)
  Nessos (Lair:4)
  2 spark wasps
  3 deep elf death magi (Elf:3)
  Snorg (Lair:4)
  7 merfolk javelineers
  Josephine (D:11)
  7 merfolk impalers
  Fannar (D:10)
  2 deep elf high priests (Elf:3)
  9 hydras
  3 alligator snapping turtles
  A centaur warrior (D:14)
  5 merfolk aquamancers
  A shambling mangrove (Shoals:1)
  4 merfolk avatars
  23 dancing weapons
  A queen ant (Spider:4)
  5 two-headed ogres
  2 catoblepae
  2 ogre magi
  Urug (D:12)
  7 death yaks
  The ghost of Mercurio the Soothsayer, a novice OpMo of Nemelex Xobeh (D:8)
  16 deep elf knights
  3 wretched stars (Abyss:2)
  3 orc high priests (Orc:2)
  An unseen horror (shapeshifter) (Elf:2)
  A spatial maelstrom (Abyss:2)
  11 deep elf archers
  A skeletal warrior (D:11)
  7 sea snakes
  2 lindwurms (Lair:5)
  10 orc knights
  2 wizards (D:15)
  A wolf spider zombie (D:12)
  5 harpies
  21 orb spiders
  62 deep elf magi
  11 manticores
  10 orc sorcerers
  An oklob plant (Shoals:1)
  17 ugly things
  33 wolf spiders
  8 cyclopes
  2 worldbinders (Abyss:2)
  2 large abominations (Abyss:2)
  4 fauns
  13 elephants
  4 moths of wrath
  Maurice (D:12)
  3 black mambas
  5 water nymphs
  8 merfolk sirens
  3 gargoyles
  20 spiny frogs
  A rime drake (shapeshifter) (Abyss:2)
  A kobold demonologist (D:11)
  9 starcursed masses (Abyss:2)
  2 rime drakes
  18 demonic crawlers
  6 komodo dragons
  An efreet (D:14)
  25 jumping spiders
  A tengu conjurer (D:13)
  28 merfolk
  10 trolls
  8 wind drakes
  3 meliai (Spider:3)
  6 slime creatures
  Grinder (D:4)
  A queen bee (Spider:3)
  15 hornets
  16 blink frogs (Lair:6)
  4 tyrant leeches (Lair:6)
  A raiju (shapeshifter) (D:11)
  10 snapping turtles
  17 dream sheep
  10 hippogriffs
  54 redbacks
  3 flying skulls (Abyss:2)
  7 air elementals
  A shadow (D:14)
  37 tarantellas
  26 yaks
  2 wyverns
  14 water elementals
  5 wraiths
  6 hogs (Lair:4)
  A hungry ghost (D:14)
  A neqoxec (Abyss:2)
  Eustachio (D:4)
  7 basilisks
  7 vampire mosquitoes
  A steam dragon (D:11)
  6 fire elementals
  Edmund (D:4)
  A spatial vortex (Abyss:2)
  25 soldier ants
  4 wargs
  5 acid dragons
  4 porcupines
  15 water moccasins
  2 black bears
  18 ice beasts
  36 orc warriors
  2 sky beasts
  A necrophage (D:7)
  4 phantoms
  12 ogres
  10 centaurs
  11 crocodiles
  19 bullfrogs
  A gnoll sergeant (D:9)
  A wyvern zombie (D:11)
  10 earth elementals
  4 scorpions
  36 killer bees
  12 wights
  12 howler monkeys
  10 electric eels
  7 crimson imps
  23 orc priests
  A wyvern simulacrum (D:14)
  2 bullfrog zombies
  A centaur zombie (D:11)
  2 jellies
  8 hounds
  3 bullfrog skeletons
  5 centaur skeletons
  Crazy Yiuf (D:4)
  Jessica (D:2)
  22 orc wizards
  26 worker ants
  5 iguanas
  An iron imp (Abyss:2)
  Terence (D:2)
  2 hound skeletons
  2 howler monkey zombies
  11 gnolls
  19 adders
  5 shadow imps
  4 worms
  3 dart slugs
  4 leopard geckos
  103 orcs
  2 ball pythons
  5 bats
  5 giant cockroaches
  6 hobgoblins
  19 jackals
  7 kobolds
  4 quokkas
  2 frilled lizards (D:3)
  7 goblins
  2 leopard gecko skeletons (D:5)
  A quokka skeleton (D:4)
  4 rats
  2 fungi (D:4)
  3 starspawn tentacles (Abyss:2)
1388 creatures vanquished.

Vanquished Creatures (others)
  A two-headed ogre (D:14)
  2 jumping spiders
  2 killer bees (Spider:4)
  An orc priest (Orc:2)
  An orc wizard (Orc:2)
  22 fungi
  53 plants
  7 starspawn tentacles (Abyss:2)
89 creatures vanquished.

Grand Total: 1477 creatures vanquished

Notes
Turn   | Place    | Note
-------+----------+-------------------------------------------
     0 | D:1      | Kisielow the Gargoyle Fighter began the quest for the Orb.
     0 | D:1      | Reached XP level 1. HP: 14/14 MP: 1/1
   206 | D:1      | Reached XP level 2. HP: 19/19 MP: 2/2
   389 | D:1      | Reached skill level 3 in Maces & Flails
   643 | D:2      | Found a blossoming altar of Fedhas.
   663 | D:2      | Reached XP level 3. HP: 18/23 MP: 3/3
   770 | D:2      | Reached skill level 4 in Maces & Flails
   917 | D:2      | Noticed Jessica
   921 | D:2      | Killed Jessica
   921 | D:2      | Reached XP level 4. HP: 27/28 MP: 4/4
  1163 | D:2      | Noticed Terence
  1174 | D:2      | Killed Terence
  1174 | D:2      | Reached XP level 5. HP: 24/32 MP: 5/5
  1764 | D:3      | Found a burning altar of Makhleb.
  1986 | D:3      | Reached skill level 5 in Maces & Flails
  1986 | D:3      | Reached XP level 6. HP: 8/38 MP: 6/6
  2535 | D:4      | Got an encrusted buckler
  2546 | D:4      | Identified the +0 buckler of Fortification {Str+5} (You
                  | found it on level 4 of the Dungeon)
  2602 | D:4      | Noticed Edmund
  2638 | D:4      | Killed Edmund
  2638 | D:4      | Reached XP level 7. HP: 39/44 MP: 7/7
  2848 | D:4      | Noticed Grinder
  2863 | D:4      | Paralysed by Grinder for 7 turns
  2878 | D:4      | Killed Grinder
  2878 | D:4      | Reached skill level 6 in Maces & Flails
  3093 | D:4      | Found a shadowy altar of Dithmenos.
  3266 | D:4      | Reached skill level 5 in Armour
  3288 | D:4      | Found a runed translucent door.
  3289 | D:4      | Noticed Crazy Yiuf
  3301 | D:4      | HP: 1/44 [Crazy Yiuf/+4 quarterstaff of chaos (20)]
  3302 | D:4      | Killed Crazy Yiuf
  3302 | D:4      | Reached skill level 5 in Fighting
  3643 | D:4      | Noticed Eustachio
  3677 | D:4      | Found a sparkling altar of Nemelex Xobeh.
  3691 | D:4      | Killed Eustachio
  3691 | D:4      | Reached skill level 5 in Shields
  3691 | D:4      | Reached XP level 8. HP: 37/49 MP: 8/8
  3879 | D:4      | Found a radiant altar of Vehumet.
  3955 | D:4      | Found an ancient bone altar of Kikubaaqudgha.
  4049 | D:5      | Entered Level 5 of the Dungeon
  4057 | D:5      | Found a stormy altar of Qazlal.
  4360 | D:5      | Reached skill level 7 in Maces & Flails
  4819 | D:6      | Reached XP level 9. HP: 38/55 MP: 9/9
  4992 | D:5      | Found a shimmering altar of Xom.
  5084 | D:6      | Reached skill level 8 in Maces & Flails
  5752 | D:6      | Found a staircase to the Ecumenical Temple.
  5765 | D:6      | Identified Wuczoes's Papyrus of the Entourage and the Oath
  5775 | Temple   | Entered the Ecumenical Temple
  5816 | Temple   | Became a worshipper of Warmaster Okawaru
  6116 | D:7      | Found a basalt altar of Yredelemnul.
  6464 | D:7      | Reached * piety under Okawaru
  6464 | D:7      | Reached skill level 9 in Maces & Flails
  6615 | D:6      | Found a hazy altar of Hepliaklqana.
  6812 | D:7      | Found a sacrificial altar of Ru.
  6973 | D:8      | Reached XP level 10. HP: 60/63 MP: 10/10
  6989 | D:8      | Found a snail-covered altar of Cheibriados.
  7014 | D:8      | Found a transporter.
  7015 | D:8      | Noticed Mercurio's ghost (novice OpMo)
  7016 | D:8      | Found a transporter.
  7191 | D:8      | Found a staircase to the Lair.
  7234 | D:8      | Reached ** piety under Okawaru
  7254 | D:8      | Reached skill level 10 in Maces & Flails
  7585 | D:8      | Killed Mercurio's ghost
  7585 | D:8      | Reached *** piety under Okawaru
  7648 | Lair:1   | Entered Level 1 of the Lair of Beasts
  8292 | Lair:1   | Reached **** piety under Okawaru
  8324 | Lair:1   | Noticed a black mamba
  8330 | Lair:1   | Killed a black mamba
  8330 | Lair:1   | Reached XP level 11. HP: 40/69 MP: 11/11
  8488 | Lair:1   | Reached skill level 11 in Maces & Flails
  8974 | Lair:2   | Noticed a seven-headed hydra
  8985 | Lair:2   | Killed a seven-headed hydra
  8985 | Lair:2   | Reached ***** piety under Okawaru
  9180 | Lair:2   | Found a frozen archway.
  9190 | IceCv    | Entered an ice cave
  9252 | IceCv    | Noticed a white ugly thing
  9266 | IceCv    | Killed a white ugly thing
  9627 | Lair:2   | Received a gift from Okawaru
 10366 | Lair:3   | Reached skill level 12 in Maces & Flails
 10542 | Lair:3   | Found a staircase to the Shoals.
 10669 | Lair:3   | Found a hole to the Spider Nest.
 10749 | Lair:3   | Received a gift from Okawaru
 10835 | Lair:3   | Reached XP level 12. HP: 51/77 MP: 12/12
 11745 | Lair:4   | Noticed a six-headed hydra
 11754 | Lair:4   | Killed a six-headed hydra
 11754 | Lair:4   | Reached skill level 10 in Fighting
 11754 | Lair:4   | Reached skill level 10 in Armour
 11754 | Lair:4   | Reached skill level 10 in Shields
 11912 | Lair:4   | Reached skill level 1 in Invocations
 11912 | Lair:4   | Reached skill level 1 in Evocations
 11980 | Lair:4   | Noticed Nessos
 11981 | Lair:4   | Noticed Rupert
 11984 | Lair:4   | Paralysed by Rupert for 3 turns
 11993 | Lair:4   | Paralysed by Rupert for 7 turns
 12012 | Lair:4   | Killed Rupert
 12018 | Lair:4   | Killed Nessos
 12282 | Lair:4   | Received a gift from Okawaru
 12290 | Lair:4   | Reached skill level 5 in Invocations
 12338 | Lair:4   | Noticed Kirke
 12351 | Lair:4   | Killed Kirke
 12351 | Lair:4   | Reached skill level 5 in Evocations
 12759 | Lair:4   | Noticed Snorg
 12782 | Lair:4   | Killed Snorg
 12782 | Lair:4   | Reached XP level 13. HP: 71/82 MP: 14/18
 14480 | Lair:5   | Found a viscous altar of Jiyva.
 14480 | Lair:5   | Found a staircase to the Slime Pits.
 14742 | Lair:6   | Entered Level 6 of the Lair of Beasts
 14750 | Lair:6   | Reached skill level 13 in Maces & Flails
 14793 | Lair:6   | Received a gift from Okawaru
 15946 | Lair:6   | Gained mutation: Your large and strong wings let you fly
                  | indefinitely. [Gargoyle growth]
 15946 | Lair:6   | Reached XP level 14. HP: 85/90 MP: 19/19
 16188 | Lair:6   | Reached ****** piety under Okawaru
 16188 | Lair:6   | Received a gift from Okawaru
 16198 | Lair:6   | Got a warped helmet {god gift}
 16209 | Lair:6   | Identified the +3 helmet of Kisielow's Gallantry {rElec
                  | Regen+ Dex+4} (Okawaru gifted it to you on level 6 of the
                  | Lair of Beasts)
 16259 | Lair:6   | Reached skill level 14 in Maces & Flails
 17329 | D:9      | Found an ornate altar of the Wu Jian Council.
 17772 | D:10     | Entered Level 10 of the Dungeon
 18128 | D:10     | Noticed Fannar
 18297 | D:10     | Killed Fannar
 18358 | D:10     | Found a shadowy altar of Dithmenos.
 19046 | D:11     | Noticed Josephine
 19075 | D:11     | Killed Josephine
 19099 | D:11     | Received a gift from Okawaru
 19199 | D:11     | Got a pair of faintly humming boots
 19211 | D:11     | Identified the +0 pair of boots of Hetikk {-Tele MR+ SInv}
                  | (You found it on level 11 of the Dungeon)
 19656 | D:11     | Noticed a storm dragon
 19685 | D:11     | Killed a storm dragon
 20316 | D:11     | Noticed a stone giant
 20336 | D:11     | Killed a stone giant
 20346 | D:11     | Noticed a frost giant
 20373 | D:11     | Killed a frost giant
 20373 | D:11     | Received a gift from Okawaru
 20373 | D:11     | Reached skill level 15 in Maces & Flails
 20471 | D:11     | Got a smoking crystal plate armour
 20482 | D:11     | Identified the +21 crystal plate armour of the Good {rElec
                  | rF- Dex+5} (You found it on level 11 of the Dungeon)
 20705 | D:12     | Reached XP level 15. HP: 63/96 MP: 20/20
 20811 | D:12     | Noticed Urug
 20837 | D:12     | Killed Urug
 21099 | D:12     | Found a staircase to the Orcish Mines.
 21498 | D:13     | Found a sacrificial altar of Ru.
 21783 | D:13     | Found a white marble altar of Elyvilon.
 21966 | D:14     | Received a gift from Okawaru
 22225 | D:14     | Found a gate to the Vaults.
 22297 | D:14     | Identified the Compendium of the Birds and Transmigration
 22423 | D:14     | You are sucked into a shaft!
 22423 | D:15     | Entered Level 15 of the Dungeon
 22767 | D:14     | Reached skill level 16 in Maces & Flails
 23106 | D:15     | Paralysed by an orc sorcerer for 4 turns
 23182 | D:15     | Found a staircase to the Depths.
 23256 | D:15     | Received a gift from Okawaru
 23360 | D:15     | Found an opulent altar of Gozag.
 23683 | Orc:1    | Entered Level 1 of the Orcish Mines
 23708 | Orc:1    | Noticed Maurice
 23925 | D:12     | Reached XP level 16. HP: 104/104 MP: 21/21
 23948 | D:12     | Killed Maurice
 24178 | Orc:2    | Entered Level 2 of the Orcish Mines
 24178 | Orc:2    | Found a runed translucent gate.
 24178 | Orc:2    | Found a runed translucent gate.
 24178 | Orc:2    | Found a runed translucent gate.
 24179 | Orc:2    | Noticed P0WERM0DE's ghost (adept DDFi)
 24359 | Orc:2    | Found a staircase to the Elven Halls.
 25655 | Orc:2    | Found Toddiy's Magic Scroll Shop.
 25655 | Orc:2    | Found Qamaus's Food Emporium.
 25657 | Orc:2    | Found Leosoeto's Food Shop.
 25657 | Orc:2    | Found Buatin's Food Emporium.
 26059 | Orc:2    | Killed P0WERM0DE's ghost
 26405 | Shoals:1 | Entered Level 1 of the Shoals
 26596 | Shoals:1 | Received a gift from Okawaru
 26868 | Shoals:1 | Reached skill level 17 in Maces & Flails
 28360 | Shoals:2 | Noticed Donald
 28389 | Shoals:2 | Killed Donald
 29242 | Shoals:3 | Reached XP level 17. HP: 106/111 MP: 22/22
 29261 | Shoals:3 | Got a scorched golden ring
 29355 | Shoals:3 | Identified the ring of Equdek {rPois rC++ SInv} (You found
                  | it on level 3 of the Shoals)
 29542 | Shoals:3 | Received a gift from Okawaru
 29926 | Shoals:4 | Entered Level 4 of the Shoals
 29926 | Shoals:4 | Noticed Louise
 29989 | Shoals:4 | Killed Louise
 29991 | Shoals:4 | Noticed Polyphemus
 30087 | Shoals:4 | Killed Polyphemus
 30411 | Shoals:4 | Reached skill level 18 in Maces & Flails
 31085 | Shoals:4 | Got a barnacled rune of Zot
 31297 | Shoals:4 | Received a gift from Okawaru
 31304 | Shoals:4 | Got an ichor-stained robe {god gift}
 31315 | Shoals:4 | Identified the +0 robe of Indemnity {Slay+5 SInv} (Okawaru
                  | gifted it to you on level 4 of the Shoals)
 31557 | Spider:1 | Entered Level 1 of the Spider Nest
 32042 | Spider:1 | Reached XP level 18. HP: 68/118 MP: 17/23
 32717 | Spider:2 | Reached skill level 15 in Armour
 32842 | Spider:2 | Reached skill level 15 in Fighting
 33062 | Spider:2 | Reached skill level 15 in Shields
 33911 | Spider:3 | Reached skill level 19 in Maces & Flails
 34130 | Spider:3 | Received a gift from Okawaru
 34138 | Spider:3 | Got a faintly glowing hand axe {god gift}
 35040 | Spider:4 | Entered Level 4 of the Spider Nest
 35430 | Spider:4 | Noticed Arachne
 35450 | Spider:4 | Killed Arachne
 35768 | Spider:4 | Learned a level 2 spell: Blink
 35770 | Spider:4 | Learned a level 1 spell: Apportation
 35773 | Spider:4 | Learned a level 2 spell: Passwall
 35895 | Spider:4 | Received a gift from Okawaru
 36197 | Spider:4 | Identified the +10 hand axe of Offence {elec, rF+ Int-4
                  | Stlth+} (Okawaru gifted it to you on level 3 of the Spider
                  | Nest)
 36285 | Spider:4 | Reached XP level 19. HP: 110/125 MP: 24/24
 36552 | Spider:4 | Got a gossamer rune of Zot
 36658 | Spider:4 | Received a gift from Okawaru
 36666 | Spider:4 | Got a crude shield {god gift}
 36793 | Spider:4 | Identified the +0 shield of Pleasant Breezes {rElec Int+2
                  | SInv} (Okawaru gifted it to you on level 4 of the Spider
                  | Nest)
 37121 | Elf:1    | Entered Level 1 of the Elven Halls
 37378 | Elf:1    | Reached skill level 20 in Maces & Flails
 38083 | Elf:2    | Found Xoucy's Distillery.
 38098 | Elf:2    | Noticed Saint Roka
 38126 | Elf:2    | Killed Saint Roka
 38126 | Elf:2    | Received a gift from Okawaru
 38262 | Elf:2    | Found a runed translucent gate.
 38280 | Elf:2    | Gained mutation: You have supernaturally acute eyesight.
                  | (SInv) [a neqoxec]
 38329 | Elf:2    | Noticed Roxanne
 38350 | Elf:2    | Killed Roxanne
 38696 | Elf:2    | Noticed Jorgrun
 38718 | Elf:2    | Killed Jorgrun
 38722 | Elf:2    | Found a runed translucent gate.
 38728 | Elf:2    | Found a runed translucent gate.
 39211 | Elf:2    | Reached XP level 20. HP: 129/132 MP: 25/25
 39222 | Elf:2    | Received a gift from Okawaru
 39575 | Elf:3    | Entered Level 3 of the Elven Halls
 40369 | Elf:3    | Received a gift from Okawaru
 40603 | Elf:3    | Reached skill level 21 in Maces & Flails
 40820 | Elf:3    | Received a gift from Okawaru
 40820 | Elf:3    | Cast into level 2 of the Abyss (a deep elf sorcerer)
 41095 | Abyss:2  | Paralysed by accursed screaming for 1 turns
 41123 | Abyss:2  | Paralysed by accursed screaming for 1 turns
 41127 | Abyss:2  | Paralysed by accursed screaming for 2 turns
 41137 | Abyss:2  | Paralysed by accursed screaming for 2 turns
 41143 | Abyss:2  | Paralysed by accursed screaming for 2 turns
 41148 | Abyss:2  | Killed from afar by a starcursed mass

Skill      XL: |  1  2  3  4  5  6  7  8  9 10 11 12 13 14 15 16 17 18 19 20 |
---------------+-------------------------------------------------------------+-----
Maces & Flails | 3 4 5 6 7 9 10 12 13 15 16 17 18 19 20 21 | 21.1
Armour         | 4 5 6 7 8 9 10 11 12 13 14 15 16 17 | 17.0
Fighting       | 4 5 6 7 8 9 10 11 12 13 14 15 16 17 | 17.0
Shields        | 4 5 6 7 8 9 10 12 13 14 15 16 17 | 17.0
Invocations    | 6 7 |  7.0
Evocations     | 5 7 |  7.0

Action                   |  1- 3 |  4- 6 |  7- 9 | 10-12 | 13-15 | 16-18 | 19-21 || total
-------------------------+-------+-------+-------+-------+-------+-------+-------++-------
Melee: Flail             |    94 |   244 |   439 |   711 |  1467 |       |       ||  2955
       Morningstar       |       |       |       |       |   634 |  1095 |       ||  1729
       Eveningstar       |       |       |       |       |       |  1426 |  1140 ||  2566
Invok: Heroism           |       |       |       |     3 |     3 |    10 |     8 ||    24
       Finesse           |       |       |       |     1 |     3 |    10 |     8 ||    22
 Abil: Fly               |       |       |       |       |     1 |       |       ||     1
Evoke: Wand              |       |       |       |     3 |     6 |    13 |     2 ||    24
  Use: Scroll            |       |     3 |       |    12 |    13 |     8 |     5 ||    41
       Potion            |       |     2 |     6 |     5 |     5 |     7 |    10 ||    35
 Stab: Paralysed         |       |       |       |     9 |     4 |       |       ||    13
       Petrified         |       |       |       |       |       |     9 |       ||     9
  Eat: Chunk             |       |     6 |    15 |    15 |    36 |    29 |    12 ||   113
       Ration            |       |       |       |     1 |     1 |     4 |     2 ||     8
Armor: Scale mail        |    44 |   122 |     7 |       |       |       |       ||   173
       Chain mail        |       |       |   115 |       |       |       |       ||   115
       Plate armour      |       |       |   108 |   359 |   776 |       |       ||  1243
       Crystal plate arm |       |       |       |       |   389 |  2025 |   936 ||  3350
Dodge: Dodged            |    30 |    83 |    84 |   128 |   361 |   339 |   148 ||  1173
       Deflected         |       |       |       |       |       |    24 |     2 ||    26
Block: Shield            |    44 |   139 |   207 |   337 |  1067 |       |       ||  1794
       Large shield      |       |       |       |       |   113 |  3220 |  1461 ||  4794
